 Dungeon Crawl Stone Soup version 0.31.0-32-g396128a36d (webtiles) character file.

Game seed: 10344378670638729160

55523 PaiMei the Black Sun (level 14, -2/113 HPs)
             Began as a Demonspawn Necromancer on Apr 25, 2024.
             Was a High Priest of Kikubaaqudgha.
             Incinerated by a smoke demon (6 damage)
             ... with a pyre arrow
             ... on level 5 of the Lair of Beasts.
             The game lasted 01:07:13 (40489 turns).

PaiMei the Black Sun (Demonspawn Necromancer)      Turns: 40489, Time: 01:07:14

Health: -2/113     AC: 16    Str: 15    XL:     14   Next: 38%
Magic:  22/30      EV: 18    Int: 21    God:    Kikubaaqudgha [*****.]
Gold:   1031       SH: 15    Dex: 13    Spells: 9/37 levels left

rFire   . . .        l - +1 falchion (flame)
rCold   . . .        y - +0 kite shield
rNeg    . . .        M - +0 steam dragon scales
rPois   .            V - +2 hat
rElec   .            (cloak unavailable)
rCorr   .            e - +1 pair of gloves
SInv    .            i - +2 pair of boots
Will    +....        Y - amulet of reflection
Stlth   +            p - +6 ring of strength
HPRegen 1.38/turn    L - +4 ring of protection
MPRegen 0.22/turn

%: reflection
@: on fire, glowing, studying Short Blades
A: repulsion field 2, powered by death 2, demonic magic 2, weakness stinger 3
a: Renounce Religion, Unearth Wretches, Torment


You were on level 5 of the Lair of Beasts.
You worshipped Kikubaaqudgha.
Kikubaaqudgha was extremely pleased with you.
You visited 3 branches of the dungeon, and saw 17 of its levels.
You also visited: Sewer.

You collected 1158 gold pieces.
You spent 127 gold pieces at shops.

Inventory:

Hand Weapons
 l - a +1 falchion of flaming (weapon)
 J - a +1 flail of protection
Missiles
 r - 2 darts of dispersal (quivered)
 u - 10 poisoned darts
 w - 3 curare-tipped darts
 B - 3 throwing nets
Armour
 c - +0 acid dragon scales
 e - a +1 pair of gloves (worn)
 i - a +2 pair of boots (worn)
 y - a +0 kite shield (worn)
 M - +0 steam dragon scales (worn)
 V - a +2 hat (worn)
 Z - the +1 leather armour "Niuxapt" {rCorr Dex+4}
   (You found it on level 4 of the Lair of Beasts)

   Dex+4:     It affects your dexterity (+4).
   rCorr:     It protects you from acid and corrosion.
Jewellery
 m - a ring of resist corrosion
 p - a +6 ring of strength (left hand)
 K - a ring of willpower
 L - a +4 ring of protection (right hand)
 S - a +6 ring of strength
 Y - an amulet of reflection (around neck)
Wands
 n - a wand of mindburst (13)
 E - a wand of paralysis (20)
 X - a wand of iceblast (1)
Scrolls
 a - 4 scrolls of vulnerability
 g - 6 scrolls of amnesia
 o - 3 scrolls of brand weapon
 q - 4 scrolls of enchant armour
 s - 5 scrolls of poison
 t - a scroll of identify
 x - 2 scrolls of summoning
 A - a scroll of fear
 C - a scroll of revelation
 H - a scroll of fog
 N - 2 scrolls of enchant weapon
 O - 3 scrolls of immolation {unknown}
 R - 2 scrolls of teleportation
 T - a scroll of blinking {unknown}
Potions
 b - a potion of resistance {unknown}
 d - a potion of degeneration {unknown}
 f - 6 potions of curing
 j - 3 potions of invisibility
 k - 2 potions of haste {unknown}
 v - 3 potions of enlightenment
 z - 2 potions of berserk rage {unknown}
 D - 3 potions of brilliance {unknown}
 F - 3 potions of attraction
 G - 2 potions of might {unknown}
 I - 2 potions of lignification {unknown}
 Q - a potion of mutation {unknown}
 U - a potion of ambrosia {unknown}
Miscellaneous
 P - a sack of spiders
 W - a lightning rod (4/4)


   Skills:
 - Level 11.1 Fighting
 - Level 10.0 Dodging
 - Level 2.3 Stealth
 + Level 6.9 Shields
 + Level 12.1 Spellcasting
 + Level 14.6 Necromancy
 + Level 5.8 Earth Magic


You had 9 spell levels left.
You knew the following spells:

 Your Spells              Type           Power      Damage    Failure   Level
a - Necrotise             Necr           100%       1d9       1%          1
b - Vampiric Draining     Necr           65%        2d10      1%          3
c - Animate Dead          Necr           65%        N/A       1%          4
d - Curse of Agony        Necr           65%        N/A       1%          5
e - Dispel Undead         Necr           65%        3d22      1%          4
f - Borgnjor's Vile Clut  Necr/Erth      27%        N/A       5%          5
g - Anguish               Hex/Necr       21%        N/A       7%          4
h - Sublimation of Blood  Necr           65%        N/A       1%          2

Your spell library contained the following spells:

 Spells                   Type           Power      Damage    Failure   Level
 Cigotuvi's Dreadful Rot  Necr/Alch/Air  66%        N/A       2%          2
 Martyr's Knell           Necr/Summ      43%        N/A       7%          4
 Mercury Vapours          Alch/Air       24%        N/A       21%         2
 Static Discharge         Conj/Air       24%        3-4/arc   21%         2
 Call Canine Familiar     Summ           12%        N/A       38%         3
 Dazzling Flash           Conj/Hex       24%        N/A       38%         3
 Mephitic Cloud           Conj/Alch/Air  12%        N/A       38%         3
 Sigil of Binding         Hex            12%        N/A       38%         3
 Volatile Blastmotes      Fire/Tloc      24%        2d12      38%         3
 Brom's Barrelling Bould  Conj/Erth      25%        2d5       38%         4
 Airstrike                Air            6%         2d(1-17)  80%         4
 Cause Fear               Hex            6%         N/A       80%         4
 Dimensional Bullseye     Hex/Tloc       6%         N/A       80%         4
 Ignite Poison            Fire/Alch      12%        N/A       80%         4
 Summon Lightning Spire   Summ/Air       12%        N/A       80%         4
 Fireball                 Conj/Fire      6%         3d5       98%         5
 Freezing Cloud           Conj/Ice/Air   6%         6-21      98%         5
 Iskenderun's Battlesphe  Conj           12%        2d7       98%         5
 Silence                  Hex/Air        6%         N/A       98%         5
 Conjure Ball Lightning   Conj/Air       6%         3x3d6     100%        6
 Starburst                Conj/Fire      6%         6d4       100%        6
 Enfeeble                 Hex            6%         N/A       100%        7
 Orb of Destruction       Conj           6%         9d6       100%        7
 Maxwell's Capacitive Co  Air            6%         ∞         100%        8


Dungeon Overview and Level Annotations

Branches:
Dungeon (11/15)            Temple (1/1) D:5            Lair (5/5) D:9
  Swamp (0/4) Lair:3        Snake (0/4) Lair:2        Slime (0/5) Lair:5
    Orc (0/2) D:11          Sewer (visited)

Altars:
Ashenzari
Cheibriados
Dithmenos
Fedhas
Gozag
Hepliaklqana
Kikubaaqudgha
Makhleb
Nemelex Xobeh
Okawaru
Qazlal
Ru
Sif Muna
Trog
Uskayaw
Vehumet
Wu Jian
Xom
Yredelemnul
Jiyva

Shops:
D:2 ?   D:4 !   D:5 *   D:10 :

Annotations:
D:3 1 runed translucent door, yey's ghost, amateur MiFi
D:7 3 runed translucent doors, SchramBam's ghost, novice MiFi
D:8 Amaemon
Lair:2 Erica; Nergalle
Lair:5 exclusion: oklob plant


Innate Abilities, Weirdness & Mutations

You are surrounded by a moderate repulsion field. (EV +3)
You regenerate health from kills.
Spells you cast may paralyse nearby enemies.
You have a sharp stinger which inflicts weakening toxins.


Message History

Okay, then.
Unknown command.
Casting: Borgnjor's Vile Clutch (dangerous; 5% risk of failure)
Confirm with . or Enter, or press ? or * to list all spells.
Okay, then.
Unknown command.
Casting: Borgnjor's Vile Clutch (dangerous; 5% risk of failure)
Confirm with . or Enter, or press ? or * to list all spells.
You can't see any susceptible monsters within range! (Use Z to cast anyway.)
Aiming: Iceblast
Press: ? - help, Shift-Dir - straight line, p - thrashing horror The mass of ice explodes!
The iceblast engulfs the smoke demon!
The smoke demon is heavily wounded.
The iceblast engulfs the thrashing horror!
The thrashing horror partially resists.
You destroy the thrashing horror!
Kikubaaqudgha accepts your kill. The liquid fire burns you!
* * * LOW HITPOINT WARNING * * *
You hear a roar!
You hear a trumpeting!
Unknown command.
You shake off some of the fire as you move.
The liquid fire burns you!
* * * LOW HITPOINT WARNING * * *
The smoke demon gestures at you.
You block the pyre arrow... and reflect it back!
The pyre arrow hits the smoke demon.
You shake off some of the fire as you move.
The liquid fire burns you!
* * * LOW HITPOINT WARNING * * *
You shake off some of the fire as you move.
The liquid fire burns you!
* * * LOW HITPOINT WARNING * * *
The smoke demon gestures at you. The ball of steam hits you. You resist.
* * * LOW HITPOINT WARNING * * *
You shake off some of the fire as you move.
The liquid fire burns you!
You die...
Kikubaaqudgha rasps: "You have failed me!
Welcome... death!"

##.....♣♣♣♣♣♣♣..♣♣ ♣..♣
###...♣♣♣♣.♣.♣†.♣♣♣..♣
#....♣♣...X.♣♣..♣...♣♣
###...♣♣♣....♣♣♣♣......♣
..#..♣♣ ♣..♣♣♣ ♣.3.♣...♣
.....♣ ♣.♣♣ ♣♣§♣♣♣.♣♣
....♣♣ ... ♣§§§♣♣.♣♣
...♣♣ ♣... ♣§§§♣♣..♣
...♣ ♣...X ♣♣@§♣♣♣♣.♣
#..♣ ♣.... ♣..♣♣ ♣♣÷♣
#..♣♣♣..$Y ♣♣.♣ ♣♣.)♣
#...♣♣.♣3( ♣.. ♣...♣
....♣ ♣..♣♣..♣♣ ...(♣♣
♣♣.....♣ .....♣♣ ♣♣....♣
......♣ ♣♣...♣♣ ......♣
♣....♣


There were no monsters in sight!

Vanquished Creatures
  A hydra (Lair:3)
  2 boulder beetles
  A centaur warrior (D:9)
  A catoblepas (Lair:1)
  3 death yaks (Lair:4)
  A thrashing horror (Lair:5)
  An ugly thing (Lair:5)
  A cyclops (D:11)
  A manticore (D:9)
  4 black mambas
  29 elephants
  A smoke demon (Lair:5)
  A cane toad (Lair:1)
  A rime drake (D:9)
  7 komodo dragons
  A wind drake (shapeshifter) (Lair:5)
  2 trolls
  8 blink frogs
  2 polar bears
  A hornet (D:8)
  3 dream sheep
  2 raiju (Lair:5)
  A jumping spider (shapeshifter) (Lair:5)
  3 wyverns
  A ynoxinul (Lair:5)
  A spriggan (Lair:5)
  A wraith (D:10)
  A shadow (D:10)
  34 yaks
  8 basilisks
  A warg (D:11)
  3 steam dragons
  2 chaos spawn (Lair:5)
  6 nagas (Lair:2)
  2 acid dragons
  10 water moccasins
  5 black bears
  10 ice beasts
  A sky beast (D:6)
  3 ogres
  14 wolves
  6 centaurs
  A phantom (D:5)
  4 kobold brigands
  10 bullfrogs
  2 gnoll sergeants
  6 small abominations (Lair:5)
  6 scorpions
  3 wights
  14 killer bees
  An electric eel (Lair:4)
  3 howler monkeys
  2 jellies (D:5)
  A bombardier beetle (D:3)
  A gnoll bouda (D:7)
  2 hounds (D:5)
  4 orc priests
  2 sleepcaps
  5 iguanas
  4 orc wizards
  8 adders
  15 gnolls
  3 river rats
  4 ufetubi
  A ribbon worm (D:3)
  14 orcs
  9 ball pythons
  10 bats
  8 endoplasms
  4 giant cockroaches
  6 hobgoblins
  A jackal (Sewer)
  3 quokkas
  2 frilled lizards (D:2)
  5 goblins
  17 kobolds
  17 rats
385 creatures vanquished.

Vanquished Creatures (collateral kills)
  A two-headed ogre (D:11)
  A skyshark (Lair:2)
  A will-o-the-wisp (Lair:3)
  An ugly thing (Lair:5)
  10 elephants
  9 cane toads
  2 torpor snails
  A gargoyle (D:11)
  A komodo dragon (Lair:3)
  2 rime drakes
  3 blink frogs
  7 dream sheep
  10 yaks
  A basilisk (Lair:2)
  A wraith (D:9)
  A ynoxinul (Lair:5)
  4 small abominations (Lair:5)
  A chaos spawn (Lair:5)
  5 water moccasins
  4 wolves
  An ogre (D:11)
  2 bullfrogs
  A wight (D:7)
  2 electric eels (Lair:3)
  3 endoplasms
75 creatures vanquished.

Vanquished Creatures (others)
  A death yak zombie (Lair:4)
  A hydra zombie (Lair:3)
  A wind drake zombie (Lair:5)
  2 cane toad zombies
  7 elephant zombies
  2 blink frog zombies (Lair:5)
  A wolf (D:9)
  A torpor snail zombie (Lair:5)
  4 komodo dragon zombies
  A wyvern zombie (Lair:2)
  3 water moccasin zombies
  A wolf zombie (D:9)
  2 basilisk zombies
  An orc wizard (D:8)
  A white imp (D:7)
  A kobold (D:7)
  18 foxfires (Lair:3)
48 creatures vanquished.

Grand Total: 508 creatures vanquished

Notes
Turn   | Place    | Note
-------+----------+-------------------------------------------
     0 | D:1      | PaiMei the Demonspawn Necromancer began the quest for the
                  | Orb.
     0 | D:1      | Reached XP level 1. HP: 13/13 MP: 3/3
   671 | D:1      | Gained mutation: You have a small tail. [demonic ancestry]
   671 | D:1      | Reached XP level 2. HP: 19/19 MP: 0/5
  1518 | D:2      | Gained mutation: Spells you cast may paralyse adjacent
                  | enemies. [demonic ancestry]
  1518 | D:2      | Reached XP level 3. HP: 14/24 MP: 1/6
  1522 | D:2      | Learned a level 3 spell: Vampiric Draining
  2153 | D:2      | Gained mutation: You regenerate a little health from kills.
                  | [demonic ancestry]
  2153 | D:2      | Reached XP level 4. HP: 27/31 MP: 0/8
  2351 | D:2      | Found Jok Gul's Magic Scroll Emporium.
  2355 | D:2      | Bought a scroll of teleportation for 36 gold pieces
  2762 | D:2      | Reached skill level 1 in Fighting
  2894 | D:2      | Reached skill level 5 in Necromancy
  3810 | D:3      | Found a stormy altar of Qazlal.
  3907 | D:3      | Gained mutation: You are surrounded by a mild repulsion
                  | field. (EV +2) [demonic ancestry]
  3907 | D:3      | Reached XP level 5. HP: 37/37 MP: 5/9
  4064 | D:3      | Found a runed translucent door.
  4064 | D:3      | Noticed yey's ghost (amateur MiFi)
  4468 | D:4      | Found a broken altar of Ashenzari.
  4527 | D:4      | Found a glowing drain.
  4625 | Sewer    | Entered a sewer
  5014 | Sewer    | Gained mutation: You regenerate health from kills. [demonic
                  | ancestry]
  5014 | Sewer    | Reached XP level 6. HP: 9/44 MP: 0/11
  6020 | D:4      | Found Lesaorph's Distillery.
  6026 | D:4      | Found a sparkling altar of Nemelex Xobeh.
  6026 | D:4      | Found a shimmering blue altar of Sif Muna.
  6028 | D:4      | Bought a potion of heal wounds for 55 gold pieces
  6036 | D:4      | Found a blossoming altar of Fedhas.
  6662 | D:4      | Noticed an ice beast
  6750 | D:4      | Killed an ice beast
  6751 | D:4      | Reached skill level 6 in Necromancy
  6751 | D:4      | Gained mutation: You have a tail ending in a sharp stinger.
                  | [demonic ancestry]
  6751 | D:4      | Reached XP level 7. HP: 30/52 MP: 1/12
  6938 | D:5      | Entered Level 5 of the Dungeon
  7516 | D:5      | Found Puakouk's Assorted Antiques.
  7802 | D:5      | Reached XP level 8. HP: 60/60 MP: 5/14
  7999 | D:5      | Reached skill level 7 in Necromancy
  8077 | D:5      | Found a staircase to the Ecumenical Temple.
  8119 | D:5      | Reached skill level 5 in Dodging
  8119 | D:5      | Reached skill level 5 in Spellcasting
  8329 | D:5      | Reached skill level 5 in Fighting
  9108 | Temple   | Entered the Ecumenical Temple
  9181 | Temple   | Became a worshipper of Kikubaaqudgha
  9388 | D:6      | Gained mutation: You have a sharp stinger which inflicts
                  | weakening toxins. [demonic ancestry]
  9388 | D:6      | Reached XP level 9. HP: 68/68 MP: 7/17
  9475 | D:6      | Reached skill level 8 in Necromancy
 10949 | D:6      | Found a burning altar of Makhleb.
 10950 | D:6      | Found an ornate altar of the Wu Jian Council.
 11232 | D:7      | Found a basalt altar of Yredelemnul.
 11438 | D:7      | Noticed a deep elf pyromancer
 11438 | D:7      | Noticed a deep elf pyromancer
 12078 | D:7      | Reached skill level 9 in Necromancy
 12820 | D:7      | Reached XP level 10. HP: 77/77 MP: 15/20
 13486 | D:8      | Noticed an orange demon
 13486 | D:8      | Noticed Amaemon
 13503 | D:9      | Noticed a manticore
 13617 | D:9      | Reached * piety under Kikubaaqudgha
 13617 | D:9      | Received a gift from Kikubaaqudgha
 14409 | D:7      | Found a sacrificial altar of Ru.
 15638 | D:8      | Learned a level 4 spell: Animate Dead
 15644 | D:8      | Learned a level 5 spell: Curse of Agony
 16012 | D:9      | Found a shimmering altar of Xom.
 16018 | D:9      | Noticed a centaur warrior
 16037 | D:9      | Killed a centaur warrior
 16054 | D:9      | Reached skill level 10 in Necromancy
 16454 | D:9      | Found a staircase to the Lair.
 17323 | D:10     | Entered Level 10 of the Dungeon
 17864 | D:10     | Reached XP level 11. HP: 87/87 MP: 7/23
 18329 | D:10     | Found Kulehuokh's Book Shop.
 19657 | D:10     | Found an iron altar of Okawaru.
 20150 | D:11     | Found a staircase to the Orcish Mines.
 20370 | D:11     | Noticed a boulder beetle
 20885 | D:11     | Noticed a two-headed ogre
 20888 | D:11     | Killed a two-headed ogre
 21234 | D:11     | Reached skill level 11 in Necromancy
 21266 | D:11     | Learned a level 2 spell: Sublimation of Blood
 21649 | D:2      | Bought a scroll of teleportation for 36 gold pieces
 21869 | D:7      | Found a runed translucent gate.
 21869 | D:7      | Found a runed translucent gate.
 21869 | D:7      | Found a runed translucent gate.
 21870 | D:7      | Noticed SchramBam's ghost (novice MiFi)
 23058 | Lair:1   | Entered Level 1 of the Lair of Beasts
 23287 | Lair:1   | Noticed a boulder beetle
 23301 | Lair:1   | Killed a boulder beetle
 23497 | Lair:1   | Reached ** piety under Kikubaaqudgha
 23555 | Lair:1   | Noticed a catoblepas
 23573 | Lair:1   | HP: 3/89 [wolf (6)]
 23597 | Lair:1   | Killed a catoblepas
 24255 | Lair:1   | Gained mutation: You are surrounded by a moderate repulsion
                  | field. (EV +3) [demonic ancestry]
 24255 | Lair:1   | Reached XP level 12. HP: 95/97 MP: 9/25
 25500 | Lair:2   | Reached skill level 10 in Fighting
 25575 | Lair:2   | Noticed Erica
 25615 | Lair:2   | Reached skill level 12 in Necromancy
 25990 | Lair:2   | Noticed Nergalle
 26981 | Lair:2   | Reached skill level 10 in Spellcasting
 27448 | Lair:2   | Reached skill level 10 in Dodging
 27809 | Lair:2   | Found a staircase to the Snake Pit.
 27852 | Lair:3   | Reached skill level 1 in Shields
 27950 | Lair:3   | Reached *** piety under Kikubaaqudgha
 27950 | Lair:3   | Received a gift from Kikubaaqudgha
 27959 | Lair:3   | Learned a level 4 spell: Dispel Undead
 27965 | Lair:3   | Learned a level 5 spell: Borgnjor's Vile Clutch
 27970 | Lair:3   | Learned a level 4 spell: Anguish
 31011 | Lair:3   | Noticed a five-headed hydra
 31040 | Lair:3   | Killed a four-headed hydra
 31041 | Lair:3   | Gained mutation: Spells you cast may paralyse nearby
                  | enemies. [demonic ancestry]
 31041 | Lair:3   | Reached XP level 13. HP: 84/106 MP: 6/27
 31045 | Lair:3   | Reached skill level 13 in Necromancy
 31607 | Lair:3   | Found a staircase to the Swamp.
 31912 | Lair:3   | Reached skill level 1 in Earth Magic
 34511 | Lair:4   | Identified the +1 leather armour "Niuxapt" {rCorr Dex+4}
 34675 | Lair:5   | Entered Level 5 of the Lair of Beasts
 35015 | Lair:5   | Reached **** piety under Kikubaaqudgha
 35016 | Lair:5   | Reached skill level 5 in Shields
 35283 | Lair:5   | Found a shimmering altar of Xom.
 35668 | Lair:5   | Found a viscous altar of Jiyva.
 35669 | Lair:5   | Found a staircase to the Slime Pits.
 36199 | Lair:5   | Reached skill level 14 in Necromancy
 38074 | Lair:5   | Reached XP level 14. HP: 113/113 MP: 17/29
 38396 | Lair:5   | Reached skill level 5 in Earth Magic
 40177 | Lair:5   | Reached ***** piety under Kikubaaqudgha
 40488 | Lair:5   | HP: 4/113 [burnt (8)]
 40489 | Lair:5   | Incinerated by a smoke demon

Illustrated notes

Levels and vault maps discovered:
D:1:      roderic_crossed_star, layout_loops_ring
D:2:      layout_basic, serial_shops, shop, kennysheep_donut,
          minmay_misc_feat_diagonals
D:3:      layout_rooms, nicolae_qazlal_general_emergency,
          hellmonk_ghost_happy_afterlife
D:4:      layout_loops_ring, nicolae_overflow_macrodata_refinement,
          nicolae_overflow_crystal_walls, portal_sewer_entry_c, serial_shops,
          shop, patterned_corridor
D:5:      minmay_razor_zed, layout_basic, temple_pool_b,
          kennysheep_windowed_goal
D:6:      layout_cave_pods, gammafunk_temple_overflow_forgotten
D:7:      minmay_opposing_rooms, layout_cave_pools, overflow_temple_1_default,
          mainiacjoe_overflow_alcove_2, serial_rivers,
          chequers_serial_rivers_marsh, chequers_serial_rivers_large_b,
          chequers_serial_rivers_micro_c, chequers_serial_rivers_room_a,
          chequers_serial_rivers_micro_e, enter_bailey_2,
          ebering_ghost_rock_garden, minivault_25
D:8:      layout_gridville, kennysheep_generic_room_8, uniq_amaemon
D:9:      layout_basic, mainiacjoe_overflow_tiny_flanked,
          hellmonk_lair_entry_icy
D:10:     layout_cave_pools, marbit_many_paths, serial_shops,
          nicolae_book_shop_shelving, palyth_stone_intersect
D:11:     layout_roguey, minmay_orc_entry_guard_dogs, corexii_checkpoint,
          minmay_fountain_box
Temple:   hellmonk_temple_beads
Lair:1:   layout_regular_city
Lair:2:   layout_long_grid, minmay_snake_entry_guardpost_medium, uniq_erica,
          uniq_nergalle
Lair:3:   layout_hall_layers, minmay_swamp_entry_wisps, lemuel_fruit_fields,
          grunt_megastairs_5, lemuel_fruit_fields, serial_bayou_shore_a
Lair:4:   layout_roguey, serial_bayou_lagoon_a
Lair:5:   hellmonk_lair_end_abyssal_woods, layout_small_grid, slime_entry_1,
          basic_altar, grunt_forest_small_clearing_treed

Skill      XL: |  1  2  3  4  5  6  7  8  9 10 11 12 13 14 |
---------------+-------------------------------------------+-----
Stealth        | 2 |  2.3
Dodging        | 2 3 4 5 6 8 9 10 | 10.0
Fighting       | 1 2 3 4 5 6 8 9 11 | 11.1
Necromancy     | 5 6 7 9 10 11 12 14 | 14.6
Spellcasting   | 3 4 5 6 8 9 10 11 12 | 12.1
Shields        | 3 5 6 |  6.9
Earth Magic    | 4 5 |  5.8

Action                     |  1- 3 |  4- 6 |  7- 9 | 10-12 | 13-15 || total
---------------------------+-------+-------+-------+-------+-------++-------
  Melee: Unarmed           |    36 |       |       |       |       ||    36
         Tailslap          |     1 |    10 |    25 |    74 |   101 ||   211
         Mace              |     1 |       |       |       |       ||     1
         Falchion          |       |    55 |    61 |   369 |   371 ||   856
         Punch             |       |     1 |     2 |     8 |     5 ||    16
         Short sword       |       |       |    52 |       |       ||    52
   Cast: Necrotise         |    69 |    86 |    98 |   104 |    25 ||   382
         Vampiric Draining |       |    14 |    92 |   267 |   187 ||   560
         Animate Dead      |       |       |       |    11 |    12 ||    23
         Curse of Agony    |       |       |       |    24 |    31 ||    55
         Borgnjor's Vile C |       |       |       |       |    24 ||    24
  Evoke: Wand              |       |       |       |     2 |     1 ||     3
         Lightning rod     |       |       |       |     1 |       ||     1
         Sack of spiders   |       |       |       |     1 |       ||     1
    Use: Scroll            |       |       |     1 |    17 |       ||    18
         Potion            |       |       |     1 |     6 |     1 ||     8
   Stab: Paralysed         |       |    10 |    36 |   100 |    84 ||   230
         Distracted        |       |       |       |     1 |       ||     1
 Armour: Robe              |    33 |     1 |       |       |       ||    34
         Skin              |       |    32 |       |       |       ||    32
         Leather armour    |       |     5 |   118 |    53 |       ||   176
         Steam dragon scal |       |       |       |   392 |   391 ||   783
  Dodge: Dodged            |    62 |    62 |   194 |   604 |   613 ||  1535
  Block: Other             |       |       |       |       |    74 ||    74
         Kite shield       |       |       |       |       |   204 ||   204
         Reflection        |       |       |       |       |     2 ||     2
